[Event "Titled Tuesday Blitz July 18 Late 2023"]
[White "Bogaudinov, Rushan"]
[Black "Pinheiro, Iung Alicio de O."]
[WhiteFideId "4129288"]
[BlackFideId "2104350"]
[WhiteElo "2404"]
[BlackElo "2611"]
[Result "0-1"]
[Round "10"]
[TimeControl "180+2"]
[Date "2023.07.18"]
[WhiteClock "0:00:14"]
[BlackClock "0:00:20"]
[Board "32"]

1. e4 e5 2. Nc3 Nf6 3. g3 Bc5 4. Bg2 Nc6 5. d3 a6 6. Nf3 d6 7. O-O Nd4 8. Nxd4 Bxd4 9. Ne2 Ba7 10. c3 Bg4 11. h3 Be6 12. Kh2 h5 13. d4 h4 14. g4 Qe7 15. f3 O-O-O 16. d5 Bd7 17. Bg5 Nxg4+ 18. fxg4 Qxg5 19. Qd3 Rhf8 20. c4 g6 21. Ng1 f5 22. Nf3 Qf4+ 23. Kh1 fxe4 24. Qe2 exf3 25. Rxf3 Qg5 26. Raf1 Rf4 27. b4 Rdf8 28. c5 dxc5 29. bxc5 Bxc5 30. Qc2 Rxf3 31. Bxf3 Bd6 32. Kg2 e4 33. Qxe4 Re8 34. Qc2 Qf4 35. Qf2 Bb5 36. Rb1 Qh2# 0-1


[Site "https://www.chess.com"]

[Event "Titled Tuesday Blitz July 18 Late 2023"]
[White "ArchibaldCerveza29"]
[Black "Zelbel, Patrick"]
[BlackFideId "24624322"]
[WhiteElo "2476"]
[BlackElo "2771"]
[Result "0-1"]
[Round "10"]
[TimeControl "180+2"]
[Date "2023.07.18"]
[WhiteClock "0:00:00"]
[BlackClock "0:00:26"]
[Board "33"]

1. e4 e5 2. Nf3 Nc6 3. Bc4 Nf6 4. d3 Bc5 5. O-O O-O 6. c3 d6 7. h3 a5 8. Re1 h6 9. a4 Ba7 10. Nbd2 Ne7 11. d4 Ng6 12. Nf1 exd4 13. cxd4 Nxe4 14. Rxe4 d5 15. Bxd5 Qxd5 16. Ng3 c5 17. Be3 Bf5 18. Nxf5 Qxe4 19. Ng3 Qd5 20. dxc5 Rad8 21. Qe1 Bxc5 22. Qxa5 Bxe3 23. Qxd5 Bxf2+ 24. Kxf2 Rxd5 25. Rc1 Ra8 26. Rc4 b5 27. axb5 Rxb5 28. b4 Rab8 29. Rc7 R5b7 30. Rc5 Rxb4 31. Nf5 R4b5 32. Rxb5 Rxb5 33. N3d4 Rd5 34. Kf3 Kf8 35. g3 Ra5 36. h4 Ne5+ 37. Ke4 Nd7 38. Kf4 Ra4 39. Ke4 Nc5+ 40. Kf4 g6 0-1


[Site "https://www.chess.com"]

[Event "Titled Tuesday Blitz July 18 Late 2023"]
[White "Hajiyev, Kanan"]
[Black "Mikhailovsky, Vladimir"]
[WhiteFideId "13404148"]
[BlackFideId "34105414"]
[WhiteElo "2575"]
[BlackElo "2724"]
[Result "1-0"]
[Round "10"]
[TimeControl "180+2"]
[Date "2023.07.18"]
[WhiteClock "0:00:10"]
[BlackClock "0:00:00"]
[Board "34"]

1. d4 d5 2. Nf3 Nf6 3. c4 e6 4. cxd5 exd5 5. Nc3 c6 6. Qc2 h6 7. Bf4 Bd6 8. Bxd6 Qxd6 9. e3 O-O 10. Bd3 Re8 11. O-O Be6 12. Ne5 Ng4 13. Nf3 Nd7 14. h3 Ngf6 15. Rab1 a5 16. Na4 b5 17. Nc5 Nxc5 18. dxc5 Qc7 19. a4 b4 20. Nd4 Bd7 21. Rfe1 Re7 22. Rbc1 Rae8 23. Qd1 Ne4 24. Qf3 Re5 25. Bxe4 Rxe4 26. Red1 Qe5 27. Rd2 Qg5 28. Kh2 Qg6 29. Qg3 Qf6 30. Qf3 Qe7 31. Nb3 Qg5 32. Qg3 Qf6 33. Nxa5 R8e5 34. Nb7 b3 35. Nd6 Rxa4 36. f4 Re7 37. Rc3 Rb4 38. Rdd3 d4 39. exd4 Rxd4 40. Rxd4 Qxd4 41. f5 Qe5 42. Qxe5 Rxe5 43. f6 gxf6 44. Rxb3 Rxc5 45. Rb7 Be6 46. Ne8 f5 47. Nc7 Rc2 48. b4 Bc4 49. Kg3 Bd3 50. Kf4 Be4 51. g4 Rc4 52. Ke5 fxg4 53. hxg4 Bg6 54. Ne8 Kf8 55. Nf6 Rc1 56. Nd7+ Kg7 57. Nc5 Re1+ 58. Kf4 Rf1+ 59. Kg3 Rc1 60. Kf4 Rc4+ 61. Kg3 h5 62. gxh5 Bxh5 63. Rb6 Bg6 64. Rxc6 Rxb4 65. Rc7 Rd4 66. Ne6+ Kf6 67. Nxd4 Ke5 68. Nf3+ Kd6 69. Ra7 f6 70. Nd4 Ke5 71. Nf3+ Ke6 72. Ra5 Be4 73. Kf4 Bc6 74. Nd4+ Kd7 75. Nxc6 Kxc6 76. Kf5 1-0


[Site "https://www.chess.com"]

[Event "Titled Tuesday Blitz July 18 Late 2023"]
[White "Besedes, Danilo"]
[Black "Haydon, David L"]
[WhiteFideId "946796"]
[BlackFideId "415405"]
[WhiteElo "2563"]
[BlackElo "2701"]
[Result "0-1"]
[Round "10"]
[TimeControl "180+2"]
[Date "2023.07.18"]
[WhiteClock "0:00:10"]
[BlackClock "0:00:46"]
[Board "35"]

1. b3 d5 2. Bb2 c5 3. e3 Nc6 4. Bb5 Bd7 5. Nf3 Nf6 6. O-O Qc7 7. d4 e6 8. Nbd2 Bd6 9. dxc5 Bxc5 10. c4 dxc4 11. Nxc4 O-O 12. Rc1 Rad8 13. Bxf6 gxf6 14. Qe2 a6 15. Bxc6 Bxc6 16. Rfd1 Rxd1+ 17. Qxd1 Rd8 18. Qe2 Qd7 19. h3 Qd5 20. Qb2 Kg7 21. Ncd2 Bb4 22. Nc4 e5 23. a3 Be7 24. b4 Qd3 25. Na5 Bxf3 26. gxf3 Qg6+ 27. Kh1 Qf5 28. Rg1+ Kh8 29. Rg3 Rd1+ 30. Kg2 Qd3 31. Kh2 Rd2 32. Qc1 Rxf2+ 33. Rg2 Rxg2+ 34. Kxg2 Qe2+ 35. Kg3 Kg7 36. Nxb7 f5 37. Nc5 h5 38. h4 Kg6 39. Qg1 Kh6 40. Qc1 Bxh4+ 41. Kh3 Qxf3+ 42. Kh2 Bg3+ 43. Kh3 Bf4+ 44. Kh4 Bg5# 0-1


[Site "https://www.chess.com"]

[Event "Titled Tuesday Blitz July 18 Late 2023"]
[White "JERO-8914"]
[Black "Mendez Fortes, Eduardo Jesus"]
[BlackFideId "3502376"]
[WhiteElo "2509"]
[BlackElo "2638"]
[Result "0-1"]
[Round "10"]
[TimeControl "180+2"]
[Date "2023.07.18"]
[WhiteClock "0:00:16"]
[BlackClock "0:00:08"]
[Board "36"]

1. d4 Nf6 2. Nf3 d5 3. c4 e6 4. Nc3 Bb4 5. cxd5 exd5 6. Bg5 h6 7. Bxf6 Qxf6 8. Rc1 O-O 9. e3 Bf5 10. a3 Bxc3+ 11. Rxc3 c6 12. Be2 Nd7 13. O-O Qd6 14. b4 a6 15. Qb3 b5 16. Rfc1 Rfc8 17. Ne5 Nxe5 18. dxe5 Qxe5 19. Rxc6 Rxc6 20. Rxc6 Qa1+ 21. Bf1 Be6 22. Qc3 Qd1 23. Qc1 Qb3 24. Rc3 Qa2 25. Bd3 Rd8 26. Bb1 Qe2 27. Rc2 Qg4 28. Rd2 Qg5 29. Rd4 Bh3 30. g3 Rc8 31. Qd2 Be6 32. Bd3 Qe5 33. Kg2 Qh5 34. h4 Qe5 35. Be2 Qf5 36. Bf3 Qh3+ 37. Kg1 Qf5 38. Bxd5 Qb1+ 39. Kg2 Bf5 40. Bf3 Rc2 41. Rd8+ Kh7 42. Qd4 Qe1 43. e4 Rxf2+ 44. Qxf2 Bh3+ 45. Kxh3 Qxf2 46. Kg4 g6 47. Kf4 Kg7 48. Rd7 Qb6 49. Rd5 Qf6+ 50. Ke3 Qc3+ 51. Rd3 Qc1+ 52. Ke2 Kf6 53. Rd5 Qxa3 54. e5+ Ke6 55. Rd3 Qxb4 56. Re3 a5 57. Bg4+ Ke7 58. e6 f5 59. Bf3 a4 60. Rd3 a3 61. Bd5 Qb2+ 62. Ke3 a2 63. Bxa2 Qxa2 64. Rd7+ Kxe6 65. Rh7 Qb2 66. Kf3 Qc3+ 67. Kg2 b4 68. Kh3 Qd2 69. Rxh6 Qxh6 70. h5 Qxh5+ 71. Kg2 Qe2+ 72. Kh3 b3 73. g4 Qxg4+ 74. Kh2 b2 75. Kh1 b1=Q+ 76. Kh2 Qbg1# 0-1


[Site "https://www.chess.com"]

[Event "Titled Tuesday Blitz July 18 Late 2023"]
[White "Pinero Rodriguez, Carlos Jose"]
[Black "Kleiman, Jake"]
[WhiteFideId "3901726"]
[BlackFideId "2020041"]
[WhiteElo "2616"]
[BlackElo "2513"]
[Result "0-1"]
[Round "10"]
[TimeControl "180+2"]
[Date "2023.07.18"]
[WhiteClock "0:00:08"]
[BlackClock "0:00:41"]
[Board "37"]

1. b3 d5 2. Bb2 Bg4 3. Nf3 Nd7 4. h3 Bh5 5. g4 Bg6 6. d3 e6 7. Bg2 h5 8. g5 h4 9. Nbd2 c6 10. e4 Qc7 11. Qe2 Qf4 12. O-O-O O-O-O 13. Kb1 Rh7 14. Rhg1 Bc5 15. Bc1 Qc7 16. Bb2 Ne7 17. d4 Bd6 18. e5 Bb4 19. a3 Ba5 20. b4 Bb6 21. Nb3 Nf5 22. Ne1 a6 23. Nd3 Bh5 24. Bf3 Bxf3 25. Qxf3 g6 26. Qe2 Kb8 27. f4 Ng3 28. Qf3 Ne4 29. Nf2 Ng3 30. Bc3 Nf5 31. Ka2 Ba7 32. Nc5 Nb6 33. Rb1 Nc4 34. Nd1 Ka8 35. Nb2 Nfe3 36. Kb3 b6 37. Nca4 c5 38. Nxc4 Nxc4 39. Nb2 cxd4 40. Bxd4 Nd2+ 0-1


[Site "https://www.chess.com"]

[Event "Titled Tuesday Blitz July 18 Late 2023"]
[White "Jimenez Almeida, Luis David"]
[Black "Arnold, Ken"]
[WhiteFideId "22242244"]
[BlackFideId "2056836"]
[WhiteElo "2593"]
[BlackElo "2455"]
[Result "1-0"]
[Round "10"]
[TimeControl "180+2"]
[Date "2023.07.18"]
[WhiteClock "0:00:27"]
[BlackClock "0:00:08"]
[Board "38"]

1. e4 c6 2. Nc3 d5 3. Qf3 dxe4 4. Nxe4 Nf6 5. Bc4 e6 6. Ne2 Nxe4 7. Qxe4 Be7 8. d4 Bf6 9. c3 Nd7 10. O-O O-O 11. Ng3 Nb6 12. Bd3 g6 13. Bh6 Bg7 14. Bxg7 Kxg7 15. Rfe1 Qf6 16. Qg4 Kh8 17. Qe2 Nd5 18. Ne4 Qg7 19. Qd2 b6 20. Nd6 Rd8 21. Nc4 Bb7 22. Be4 c5 23. Ne5 cxd4 24. cxd4 Rac8 25. Rac1 Qf6 26. Qh6 Rxc1 27. Rxc1 Kg8 28. h3 Rc8 29. Re1 Rc7 30. Qd2 Qf4 31. Qe2 Nf6 32. Bxb7 Rxb7 33. Nf3 Rc7 34. a4 Rc1 35. Rxc1 Qxc1+ 36. Kh2 h6 37. Ne5 Nd5 38. g3 Qg5 39. h4 Qf5 40. Nc6 Qf6 41. b4 Kg7 42. b5 h5 43. Kg1 Ne7 44. Nxa7 Qxd4 45. Nc6 Qa1+ 46. Kh2 Nxc6 47. bxc6 Qc3 48. Qb5 Kf8 49. Qxb6 Qf3 50. c7 1-0


[Site "https://www.chess.com"]

[Event "Titled Tuesday Blitz July 18 Late 2023"]
[White "Willy, Stephen"]
[Black "robertoalejandro10"]
[WhiteFideId "30981468"]
[WhiteElo "2430"]
[BlackElo "2589"]
[Result "1-0"]
[Round "10"]
[TimeControl "180+2"]
[Date "2023.07.18"]
[WhiteClock "0:00:13"]
[BlackClock "0:00:00"]
[Board "39"]

1. e4 c5 2. c3 g6 3. d4 cxd4 4. cxd4 d6 5. Nc3 Bg7 6. h4 h5 7. Nf3 Nc6 8. Bc4 Nf6 9. Be3 O-O 10. Qd2 Bg4 11. Ng5 Rc8 12. f3 Bd7 13. g4 Nxd4 14. Qd3 Rxc4 15. Bxd4 Rxd4 16. Qxd4 Nxg4 17. Qd2 Ne5 18. O-O-O Qa5 19. Qd5 Qa6 20. f4 Bc6 21. Qb3 Nc4 22. Rhe1 Na5 23. Qa3 Rc8 24. Kb1 Bd7 25. Nd5 Nc6 26. Qb3 Bf8 27. Nxe7+ 1-0


[Site "https://www.chess.com"]

[Event "Titled Tuesday Blitz July 18 Late 2023"]
[White "Estrada Nieto, Julian"]
[Black "Morefield, Jason"]
[WhiteFideId "5101018"]
[BlackFideId "30920825"]
[WhiteElo "2542"]
[BlackElo "2736"]
[Result "0-1"]
[Round "10"]
[TimeControl "180+2"]
[Date "2023.07.18"]
[WhiteClock "0:00:03"]
[BlackClock "0:01:16"]
[Board "40"]

1. e4 a6 2. d4 c6 3. Nc3 d5 4. h3 dxe4 5. Nxe4 Nf6 6. Nxf6+ exf6 7. Bc4 Bd6 8. Qe2+ Be7 9. Nf3 O-O 10. Bf4 b5 11. Bd3 Be6 12. O-O Nd7 13. Qe4 g6 14. Qxc6 Qc8 15. Qxc8 Raxc8 16. c3 Nb6 17. a4 Nxa4 18. Rfb1 f5 19. Nd2 Rc6 20. c4 bxc4 21. Bc2 Nxb2 22. Rxb2 c3 23. Rb7 cxd2 24. Ba4 Rc1+ 25. Rxc1 dxc1=Q+ 26. Bxc1 Bf6 27. Be3 Rd8 28. Rb6 Bxd4 29. Bxd4 Rxd4 30. Rxa6 f4 31. Bc6 Kg7 32. Bf3 Rb4 33. h4 Rb1+ 34. Kh2 h6 35. Ra5 Rf1 36. Ra4 g5 37. hxg5 hxg5 38. Ra5 Kf6 39. Bh5 Rxf2 40. Kg1 Rd2 41. Bf3 g4 42. Be4 Re2 43. Bd3 Re3 44. Bf1 Bf5 45. Ra4 Kg5 46. Ra5 f6 47. Rc5 g3 48. Ra5 Re1 49. Rc5 Kg4 50. Rd5 Be4 51. Rd4 f5 52. Rd8 f3 53. gxf3+ Kxf3 54. Rd2 Ke3 55. Ra2 g2 56. Ra3+ Kf4 57. Kf2 gxf1=Q# 0-1


[Site "https://www.chess.com"]

[Event "Titled Tuesday Blitz July 18 Late 2023"]
[White "Smirnov, Pavel"]
[Black "Martinez Reyes, Pedro Ramon"]
[WhiteFideId "4123425"]
[BlackFideId "3901807"]
[WhiteElo "2695"]
[BlackElo "2535"]
[Result "1-0"]
[Round "10"]
[TimeControl "180+2"]
[Date "2023.07.18"]
[WhiteClock "0:00:11"]
[BlackClock "0:00:02"]
[Board "41"]

1. d4 Nf6 2. c4 g6 3. g3 Bg7 4. Nf3 O-O 5. Bg2 d5 6. O-O c5 7. cxd5 Nxd5 8. Nc3 cxd4 9. Nxd4 Nxc3 10. bxc3 Qa5 11. Rb1 Na6 12. Qb3 e5 13. Nb5 Bf5 14. Rb2 Be6 15. Bd5 Nc5 16. Qc4 Rfd8 17. Bxe6 Nxe6 18. Qb4 Qxb4 19. Rxb4 Bf8 20. Rb2 a6 21. Nc7 Nxc7 22. Rxb7 Ne6 23. Be3 Rac8 24. Rfb1 Rxc3 25. Ra7 Rc6 26. Rbb7 f6 27. Rxh7 Bg7 28. Rh4 f5 29. Ra4 Rdc8 30. R4xa6 Rxa6 31. Rxa6 Kf7 32. Ra7+ Kg8 33. a4 Nd4 34. Kf1 Nc2 35. Bb6 Nb4 36. a5 Rc1+ 37. Kg2 e4 38. Rb7 Ra1 39. Rxg7+ Kxg7 40. Bd4+ Kf7 41. Bxa1 Ke6 42. Bc3 Na6 43. h4 Kd5 44. f3 Kc4 45. Be1 Nc5 46. g4 Kd5 47. gxf5 gxf5 48. h5 Ke6 49. h6 Na6 50. h7 1-0


[Site "https://www.chess.com"]

[Event "Titled Tuesday Blitz July 18 Late 2023"]
[White "Quintiliano Pinto, Renato R."]
[Black "Santos Flores, Alberto"]
[WhiteFideId "2117568"]
[BlackFideId "3601234"]
[WhiteElo "2684"]
[BlackElo "2539"]
[Result "1-0"]
[Round "10"]
[TimeControl "180+2"]
[Date "2023.07.18"]
[WhiteClock "0:00:17"]
[BlackClock "0:00:05"]
[Board "42"]

1. Nf3 d5 2. b3 Bf5 3. Bb2 h6 4. g3 e6 5. Bg2 Nf6 6. O-O Nbd7 7. d3 Be7 8. c4 c6 9. Nc3 O-O 10. h3 Bh7 11. Re1 a5 12. a3 Qb6 13. Na4 Qd8 14. Ne5 Nxe5 15. Bxe5 Nd7 16. Bb2 b5 17. cxb5 cxb5 18. Nc3 Qb6 19. a4 bxa4 20. Nxa4 Qb7 21. e4 dxe4 22. dxe4 Nb6 23. e5 Nd5 24. Nc3 Rfd8 25. Nxd5 exd5 26. e6 Bb4 27. Qd4 fxe6 28. Rxe6 Bf8 29. Rxh6 Qxb3 30. Rh5 Be4 31. Rg5 Qb7 32. f3 Bh7 33. Rc1 a4 34. h4 a3 35. Ba1 a2 36. h5 Ra6 37. Kh2 Rd7 38. Re1 Qa8 39. f4 Kh8 40. Rxd5 Rxd5 41. Bxd5 Qd8 42. Bf7 Qxd4 43. Bxd4 Bb1 44. Re8 Kh7 45. Rxf8 a1=Q 46. Bg6+ Rxg6 47. hxg6+ Bxg6 48. Bxa1 1-0


[Site "https://www.chess.com"]

[Event "Titled Tuesday Blitz July 18 Late 2023"]
[White "Rangel, Daniel"]
[Black "Karttunen, Mika"]
[WhiteFideId "2124475"]
[BlackFideId "502081"]
[WhiteElo "2530"]
[BlackElo "2643"]
[Result "0-1"]
[Round "10"]
[TimeControl "180+2"]
[Date "2023.07.18"]
[WhiteClock "0:00:00"]
[BlackClock "0:00:43"]
[Board "43"]

1. c4 e5 2. g3 d6 3. Bg2 Nc6 4. Nc3 Nf6 5. e3 g6 6. Nge2 Bg7 7. O-O O-O 8. b3 Bf5 9. d4 exd4 10. Nxd4 Nxd4 11. exd4 c5 12. Bb2 cxd4 13. Qxd4 Ne4 14. Qxg7+ Kxg7 15. Nxe4+ f6 16. Rad1 Bxe4 17. Bxe4 Qa5 18. a3 Rae8 19. Bd5 Re2 20. Bd4 b6 21. b4 Qa4 22. b5 Rfe8 23. Kg2 R8e7 24. Rd3 Qc2 25. Rf3 R7e5 26. Bxe5 dxe5 27. a4 e4 28. Rf4 f5 29. h4 Qxa4 30. g4 Kf6 31. gxf5 gxf5 32. Bc6 Ke5 33. Kg3 Qxc4 34. f3 Qg8+ 0-1


[Site "https://www.chess.com"]

[Event "Titled Tuesday Blitz July 18 Late 2023"]
[White "Rottenwohrer Suarez, Juan"]
[Black "Begmuratov, Alisher"]
[WhiteFideId "32068182"]
[BlackFideId "14203367"]
[WhiteElo "2527"]
[BlackElo "2642"]
[Result "1-0"]
[Round "10"]
[TimeControl "180+2"]
[Date "2023.07.18"]
[WhiteClock "0:01:19"]
[BlackClock "0:00:12"]
[Board "44"]

1. e4 e5 2. Nf3 Nc6 3. Bb5 Nf6 4. O-O Nxe4 5. Re1 Nd6 6. Nxe5 Be7 7. Bf1 O-O 8. Nf3 Nf5 9. d4 d5 10. c3 Bf6 11. Bd3 Nd6 12. Bf4 Bg4 13. h3 Bh5 14. Nbd2 Bg6 15. Bxg6 fxg6 16. Qb3 Ne7 17. Bxd6 Qxd6 18. Qxb7 Rfb8 19. Ne4 Rxb7 20. Nxd6 cxd6 21. Rab1 Rab8 22. Re2 Nc6 23. g3 Na5 24. Ne1 Rc7 25. Rc1 Re7 26. Rxe7 Bxe7 27. Nd3 Bg5 28. Re1 Nc4 29. Re2 Kf7 30. h4 Bh6 31. f4 a5 32. g4 Bxf4 33. Nxf4 Nxb2 34. Nxd5 Nc4 35. Kf2 h6 36. Kf3 a4 37. Re7+ Kg8 38. Ra7 a3 39. Ne7+ Kh7 40. h5 gxh5 41. gxh5 Rb5 42. Ra4 Nd2+ 43. Ke3 Nb1 44. Kd3 Rxh5 45. Kc2 Rh1 46. Rb4 h5 47. c4 h4 48. c5 h3 49. Rb3 dxc5 50. dxc5 h2 51. Rh3# 1-0


[Site "https://www.chess.com"]

[Event "Titled Tuesday Blitz July 18 Late 2023"]
[White "Omelja, Artem"]
[Black "Graif, William"]
[WhiteFideId "14119846"]
[BlackFideId "2609835"]
[WhiteElo "2638"]
[BlackElo "2530"]
[Result "0-1"]
[Round "10"]
[TimeControl "180+2"]
[Date "2023.07.18"]
[WhiteClock "0:00:00"]
[BlackClock "0:00:03"]
[Board "45"]

1. h3 e5 2. a3 d5 3. c4 d4 4. d3 a5 5. Nf3 Nc6 6. g3 f5 7. Nbd2 Nf6 8. Bg2 Bd6 9. O-O O-O 10. Nh2 Qe7 11. Rb1 e4 12. dxe4 fxe4 13. Nb3 Be5 14. Bg5 a4 15. Nd2 e3 16. f4 Bd6 17. Ne4 Bf5 18. Nxd6 Bxb1 19. Nxb7 Be4 20. Bxe4 Qxe4 21. Nc5 Qf5 22. Nxa4 Qxh3 23. Nc5 Qxg3+ 24. Kh1 Ng4 25. Nxg4 Qxg4 26. Qe1 Qh3+ 27. Kg1 Ra5 28. Nd3 Raf5 29. Qh4 Qxh4 30. Bxh4 h6 31. Bg3 g5 32. b4 h5 33. Bh2 h4 34. b5 Na5 35. Ne5 gxf4 36. Nf3 Nxc4 37. Nxd4 Rg5+ 38. Kh1 Nd2 39. Rxf4 Rxf4 40. Bxf4 Rd5 41. Bxe3 Nc4 42. Bf2 Nxa3 0-1


[Site "https://www.chess.com"]

[Event "Titled Tuesday Blitz July 18 Late 2023"]
[White "vishwa_vijeta"]
[Black "Leon Oquendo, Jorge"]
[BlackFideId "3514803"]
[WhiteElo "2527"]
[BlackElo "2621"]
[Result "0-1"]
[Round "10"]
[TimeControl "180+2"]
[Date "2023.07.18"]
[WhiteClock "0:00:16"]
[BlackClock "0:00:12"]
[Board "46"]

1. e4 e6 2. d4 b6 3. Nf3 Bb7 4. Bd3 h6 5. O-O g5 6. Re1 d6 7. c4 Ne7 8. Nc3 Bg7 9. Be3 Nd7 10. Qd2 a6 11. Rad1 g4 12. Nh4 Bf6 13. g3 Bxh4 14. gxh4 Ng6 15. h5 Nh4 16. Qe2 Nf3+ 17. Kh1 Qh4 18. Bf4 Nxe1 19. Rxe1 Qxh5 20. Bg3 Qg5 21. d5 h5 22. h4 gxh3 23. Rg1 Qf6 24. f4 O-O-O 25. e5 dxe5 26. fxe5 Qe7 27. Be4 Rhg8 28. d6 Qg5 29. Qf3 Nc5 30. Bxb7+ Nxb7 31. Qc6 Rd7 32. Bf2 Qd8 33. Bxb6 Rxg1+ 34. Bxg1 Qg8 35. c5 f6 36. Na4 Qg2+ 37. Qxg2 hxg2+ 38. Kxg2 fxe5 39. c6 Rxd6 40. cxb7+ Kxb7 41. Nc5+ Kc6 42. Ne4 Rd5 43. Kf3 Rd3+ 44. Ke2 Rh3 45. Nf2 Rg3 46. Bh2 Rg2 47. Bxe5 Kd5 48. Bxc7 h4 49. Kf3 Rg7 50. Bh2 e5 51. b3 a5 52. Ng4 e4+ 53. Kf4 Kd4 54. Kf5 Kd3 55. Ne5+ Kd4 56. Nc6+ Kd3 57. Ne5+ Kc2 58. Kxe4 Rg2 59. Nf3 Kb2 60. Be5+ Kxa2 61. Nxh4 Rg4+ 62. Kd5 Rxh4 63. Bc7 Kxb3 64. Kc6 a4 65. Bd8 Rh3 66. Bf6 a3 67. Kd5 a2 68. Kd4 Rc3 69. Kd5 a1=Q 70. Bxc3 Qxc3 71. Ke6 Qd4 72. Kf7 Kc4 73. Kg8 Kd3 74. Kh7 Ke4 75. Kg8 Kf5 76. Kh7 Qd7+ 77. Kg8 Kg6 78. Kh8 Qh7# 0-1


[Site "https://www.chess.com"]

[Event "Titled Tuesday Blitz July 18 Late 2023"]
[White "Sos Andreu, Eric"]
[Black "Ganiev, Roman"]
[WhiteFideId "22247017"]
[BlackFideId "4131452"]
[WhiteElo "2522"]
[BlackElo "2599"]
[Result "0-1"]
[Round "10"]
[TimeControl "180+2"]
[Date "2023.07.18"]
[WhiteClock "0:00:13"]
[BlackClock "0:00:20"]
[Board "47"]

1. d4 Nf6 2. c4 e6 3. g3 d5 4. Bg2 Be7 5. Nf3 O-O 6. O-O Nbd7 7. Nbd2 c6 8. Qc2 b6 9. e4 dxc4 10. Nxc4 Bb7 11. Rd1 c5 12. e5 Nd5 13. b3 Rc8 14. Qe2 b5 15. Ne3 Nxe3 16. Bxe3 c4 17. Rac1 Bd5 18. bxc4 bxc4 19. Nd2 Nb6 20. Bxd5 Qxd5 21. Nb1 Rfd8 22. Nc3 Qd7 23. Qf3 Nd5 24. h4 Nxc3 25. Rxc3 Qd5 26. Qe2 Bb4 27. Rc2 c3 28. Rb1 Qc4 29. Qxc4 Rxc4 30. Rb3 Rdc8 31. Kf1 Ba5 32. Rb5 Bb6 33. Rb3 h5 34. Ke2 Bxd4 35. Bxd4 Rxd4 36. Rbxc3 Re4+ 37. Kf3 Rxc3+ 38. Rxc3 Rxe5 39. Ra3 a5 40. Kf4 Rd5 41. Ke3 Kh7 42. Rb3 Kg6 43. Rb7 Re5+ 44. Kf3 Rc5 45. Ra7 Rc3+ 46. Kg2 Ra3 47. Ra8 Rxa2 48. Ra7 a4 49. Ra5 a3 50. Kf3 f6 51. Kg2 e5 52. Kf3 Kf5 53. Ra4 g6 54. Ra5 g5 55. hxg5 fxg5 56. Ke3 Ra1 57. Kf3 a2 58. Kg2 h4 59. gxh4 gxh4 60. Ra4 e4 61. Ra3 Kf4 62. Ra4 h3+ 63. Kh2 Kf3 64. Ra8 Kxf2 65. Rf8+ Ke2 66. Ra8 e3 67. Ra7 Ke1 68. Kxh3 e2 69. Kg2 Kd2 70. Rd7+ Ke3 71. Re7+ Kd3 72. Rd7+ Kc4 73. Rc7+ Kd5 74. Rd7+ Kc6 75. Re7 e1=Q 76. Rxe1 Rxe1 77. Kf2 a1=Q 0-1


[Site "https://www.chess.com"]

[Event "Titled Tuesday Blitz July 18 Late 2023"]
[White "Piesik, Piotr"]
[Black "Hnydiuk, Aleksander"]
[WhiteFideId "1136194"]
[BlackFideId "1109057"]
[WhiteElo "2597"]
[BlackElo "2513"]
[Result "1-0"]
[Round "10"]
[TimeControl "180+2"]
[Date "2023.07.18"]
[WhiteClock "0:00:12"]
[BlackClock "0:00:00"]
[Board "48"]

1. Nf3 d5 2. g3 Bg4 3. Bg2 Nd7 4. O-O e5 5. d3 Ngf6 6. Nbd2 Bd6 7. e4 c6 8. h3 Bh5 9. Qe1 O-O 10. Nh4 Re8 11. Nf5 Bf8 12. Nb3 h6 13. g4 Bg6 14. Ng3 Qc7 15. Qe2 Nc5 16. Nxc5 Bxc5 17. h4 Nd7 18. h5 Bh7 19. g5 hxg5 20. Bxg5 Nf8 21. Qg4 Ne6 22. h6 Be7 23. Be3 Qd8 24. hxg7 Bg5 25. Bxg5 Qxg5 26. Qxg5 Nxg5 27. exd5 cxd5 28. Bxd5 Rac8 29. Rac1 Rc7 30. Nh5 Rd8 31. Bg2 Bg6 32. Nf6+ Kxg7 33. Nd5 Rc5 34. Ne3 b6 35. f4 exf4 36. Rxf4 Ne6 37. Rc4 Rxc4 38. Nxc4 Nd4 39. Kf2 Re8 40. Ne3 f5 41. Bf3 f4 42. Nd5 Rh8 43. Nxf4 Rf8 44. Kg3 Nf5+ 45. Kf2 Nd4 46. Kg3 Nf5+ 47. Kh3 Ne3 48. Ne6+ 1-0


[Site "https://www.chess.com"]

[Event "Titled Tuesday Blitz July 18 Late 2023"]
[White "Erzhanov, Arman"]
[Black "Krishnan, Varun"]
[WhiteFideId "4138821"]
[BlackFideId "5054508"]
[WhiteElo "2505"]
[BlackElo "2593"]
[Result "0-1"]
[Round "10"]
[TimeControl "180+2"]
[Date "2023.07.18"]
[WhiteClock "0:00:13"]
[BlackClock "0:00:12"]
[Board "49"]

1. e4 a6 2. d4 e6 3. Bd3 c5 4. c3 d5 5. exd5 exd5 6. Nf3 Nf6 7. O-O Nc6 8. Re1+ Be6 9. Ng5 Qd7 10. Bf5 Nd8 11. Qe2 cxd4 12. cxd4 Bb4 13. Nc3 O-O 14. Nxe6 fxe6 15. Bxe6+ Nxe6 16. Qxe6+ Qxe6 17. Rxe6 Rac8 18. Bd2 Bxc3 19. Bxc3 Ne4 20. Be1 Rc2 21. f3 Nf6 22. Bc3 Nh5 23. g3 Rxf3 24. Re8+ Kf7 25. Re5 Nf6 26. Rf1 Rxf1+ 27. Kxf1 Rxh2 28. a4 Ne4 29. Rxd5 Nxg3+ 30. Kg1 Re2 31. Rd7+ Re7 32. Rd6 Ne4 33. Rb6 Rc7 34. Kg2 Nxc3 35. bxc3 g5 36. Kg3 h5 37. Rb3 Kg6 38. a5 Kf5 39. Kh3 Kf4 40. Ra3 Re7 41. Rb3 Re2 42. Rxb7 g4+ 43. Kh4 Rh2# 0-1


[Site "https://www.chess.com"]

[Event "Titled Tuesday Blitz July 18 Late 2023"]
[White "Ansh M Shah"]
[Black "Geivondian, Arman"]
[WhiteFideId "25033379"]
[BlackFideId "24102032"]
[WhiteElo "2504"]
[BlackElo "2590"]
[Result "1-0"]
[Round "10"]
[TimeControl "180+2"]
[Date "2023.07.18"]
[WhiteClock "0:00:04"]
[BlackClock "0:00:18"]
[Board "50"]

1. Nf3 Nf6 2. g3 g6 3. Bg2 Bg7 4. O-O O-O 5. b3 d5 6. Bb2 c5 7. e3 Nc6 8. d4 cxd4 9. Nxd4 Bg4 10. Qc1 Rc8 11. h3 Bd7 12. Nd2 Re8 13. Qd1 e5 14. Nxc6 Bxc6 15. c4 Qd7 16. cxd5 Nxd5 17. Nc4 Rcd8 18. Qe2 Qe6 19. Rfd1 Nc7 20. Rxd8 Rxd8 21. Rd1 Rxd1+ 22. Qxd1 Bf6 23. Bxc6 bxc6 24. Qg4 Qe7 25. Qc8+ Kg7 26. Qb7 Qd7 27. Bxe5 Qd1+ 28. Kh2 Qf3 29. Bxf6+ Kxf6 30. Kg1 Qd1+ 31. Kg2 Qd5+ 32. Kf1 Qd1+ 33. Kg2 Qd5+ 34. e4 Qxe4+ 35. Kh2 Ne6 36. Qxa7 Qe2 37. a4 c5 38. Kg1 Qd1+ 39. Kg2 Qxb3 40. Ne3 Qd3 41. Qb7 Kg7 42. a5 Nd8 43. Qc7 Qe4+ 44. Kh2 Ne6 45. Qd6 Qf3 46. Qe5+ Kg8 47. Qb2 Nd4 48. a6 Ne2 49. Qb8+ Kg7 50. Qe5+ f6 51. Qe7+ Kh6 52. Ng4+ Kg5 53. Qxc5+ f5 54. Qe7+ Kh5 55. Qh4# 1-0


[Site "https://www.chess.com"]

[Event "Titled Tuesday Blitz July 18 Late 2023"]
[White "Shapiro, Viktor"]
[Black "brm72"]
[WhiteFideId "4175700"]
[WhiteElo "2500"]
[BlackElo "2576"]
[Result "0-1"]
[Round "10"]
[TimeControl "180+2"]
[Date "2023.07.18"]
[WhiteClock "0:01:39"]
[BlackClock "0:01:04"]
[Board "51"]

1. Nf3 c5 2. c4 Nc6 3. g3 g6 4. Bg2 Bg7 5. Nc3 e5 6. d3 d6 7. a3 a5 8. Rb1 Nge7 9. O-O O-O 10. Bg5 f6 11. Bd2 Be6 12. Ne1 d5 13. b3 h6 14. Nc2 Kh7 15. e4 dxc4 16. dxc4 Nd4 17. Nd5 Nec6 18. b4 axb4 19. axb4 Nxc2 20. Qxc2 Nd4 21. Qd1 b6 22. bxc5 bxc5 23. Rb7 Rf7 24. Rxf7 Bxf7 25. Be3 Ra2 26. f4 Be6 27. fxe5 fxe5 28. Rf2 Ra3 29. Qc1 Qa5 30. Rf1 Ne2+ 0-1


[Site "https://www.chess.com"]